 Dungeon Crawl Stone Soup version 0.29.0-4-gdea44cf6ec (webtiles) character file.

Game seed: 4733730313499759378

34 qw the Chopper (level 3, -1/21 HPs)
             Began as a Tengu Warper on Aug 28, 2022.
             Succumbed to their own poison gas
             ... on level 1 of the Dungeon.
             The game lasted 00:00:07 (1105 turns).

qw the Chopper (Tengu Warper)                       Turns: 1105, Time: 00:00:07

Health: -1/21      AC:  5    Str: 13    XL:     3   Next: 31%
Magic:  7/7        EV: 11    Int: 13    God:
Gold:   108        SH:  0    Dex: 13    Spells: 6/6 levels left

rFire   . . .      SeeInvis .   Y - +1 hand axe
rCold   . . .      Faith    .   (no shield)
rNeg    . . .      Spirit   .   k - +0 ring mail
rPois   .          Reflect  .   (helmet restricted)
rElec   .          Harm     .   (no cloak)
rCorr   .          Rampage  .   (no gloves)
Will    .....                   (boots unavailable)
Stlth   +.........              (no amulet)
HPRegen 0.07/turn               (no ring)
MPRegen 0.10/turn               (no ring)

@: lethally poisoned (-1 -> -8), flying
A: beak, talons 3
a: no special abilities


You were on level 1 of the Dungeon.
You visited 1 branch of the dungeon, and saw 1 of its levels.

You collected 108 gold pieces.


Innate Abilities, Weirdness & Mutations

You have a beak for a mouth.
You have claws for feet.


   Skills:
 - Level 2.0 Fighting
 + Level 4.0 Axes
 - Level 1.0 Throwing
 - Level 1.1 Armour
 - Level 2.1 Dodging
 - Level 2.0 Spellcasting
 - Level 2.4 Translocations


You had 6 spell levels left.
You didn't know any spells.
Your spell library contained the following spells:

 Spells                   Type           Power      Damage    Failure   Level
 Blink                    Tloc           14%        N/A       30%         2
 Gell's Gravitas          Tloc           7%         N/A       52%         3
 Lesser Beckoning         Tloc           7%         N/A       52%         3
 Teleport Other           Tloc           7%         N/A       52%         3
 Manifold Assault         Tloc           7%         N/A       99%         5

Inventory:

Hand Weapons
 g - a +0 whip
 Y - a +1 hand axe (weapon)
Armour
 k - a +0 ring mail (worn)
Scrolls
 f - a scroll of identify
Potions
 i - a potion of heal wounds {unknown}
 j - a potion of cancellation {unknown}
 m - a potion of degeneration {unknown}

Dungeon Overview and Level Annotations

Branches:
Dungeon (1/15)

Altars:


Message History

Your butterfly disappears in a burst of colours!
Your butterfly is poisoned.
Your butterfly is engulfed in poison gas.
Your butterfly looks even sicker.
You kill your butterfly!
Your butterfly disappears in a burst of colours!
Done exploring.
1098 ||| DROPPING scroll of blinking.
You drop a scroll of blinking.
Your butterfly is poisoned.
Your butterfly is engulfed in poison gas.
Your butterfly is poisoned.
You kill your butterfly!
Your butterfly disappears in a burst of colours!
Done exploring.
1099 ||| DROPPING potion of flight.
You drop a potion of flight.
You kill your butterfly!
Your butterfly disappears in a burst of colours!
Done exploring.
(D) Dungeon
Where to? (* - list waypoints, ? - help)
What level of the Dungeon? (default 1, ? - help) Sorry, I don't know how to get there.
Done exploring.
1100 ||| Stepping randomly (stuck).
Really fly into that cloud of poison gas?
You are engulfed in poison gas.
You are lethally poisoned!
You feel very sick.
1101 ||| Stepping ~*~*~tactically~*~*~ (cloud).
You feel very sick.
Things that are here:
a potion of flight; a scroll of blinking; a +0 leather armour
There is a lethal amount of poison in your body!
You feel very sick.
There is a lethal amount of poison in your body!
You feel very sick.
There is a lethal amount of poison in your body!
You feel sick.
There is a lethal amount of poison in your body!
You die...

.#.................#####
.#........¤¤0####.00..#
.#........00¤#####¤##.#
.#........#¤¤0¤00¤0##.#
..........#00.0¤0¤¤##.#
..........¤0¤.0.¤¤¤#..#
..........00¤...00##.##
##........00¤.¤.0.##.#
..........¤¤000.@¤##.#
..........¤0.¤..0###.#
..........¤000.#.###.#
..#.......¤000.#¤....#
..........¤¤¤..#0#####
..#.....##00...0¤#
..#.....##¤....¤0#
####'##........¤0#
.....##......(.#.#


There were no monsters in sight!

Vanquished Creatures
  2 dart slugs (D:1)
  A ball python (D:1)
  3 bats (D:1)
  6 endoplasms (D:1)
  3 giant cockroaches (D:1)
  2 goblins (D:1)
  2 hobgoblins (D:1)
  3 kobolds (D:1)
  A quokka (D:1)
  2 rats (D:1)
25 creatures vanquished.

Notes
Turn   | Place    | Note
-------+----------+-------------------------------------------
     0 | D:1      | qw the Tengu Warper began the quest for the Orb.
     0 | D:1      | Reached XP level 1. HP: 12/12 MP: 4/4
     0 | D:1      | 0 ||| qw: Version: 0.1-a-89-g26bdef1
     0 | D:1      | 0 ||| qw: Game counter: 1506
     0 | D:1      | 0 ||| qw: Always use a shield: true
     0 | D:1      | 0 ||| qw: God list: Okawaru
     0 | D:1      | 0 ||| qw: Allow faded altars: false
     0 | D:1      | 0 ||| qw: Do Orc after D:15 true
     0 | D:1      | 0 ||| qw: Do second Lair branch before Depths: true
     0 | D:1      | 0 ||| qw: Lair rune preference: random
     0 | D:1      | 0 ||| qw: Plans: Normal
     0 | D:1      | 0 ||| PLANNING D:1-11
   116 | D:1      | Reached skill level 3 in Axes
   116 | D:1      | Reached XP level 2. HP: 17/17 MP: 6/6
   246 | D:1      | 246 ||| Stepping ~*~*~tactically~*~*~ (stealth).
   247 | D:1      | 247 ||| Stepping ~*~*~tactically~*~*~ (stealth).
   248 | D:1      | 248 ||| Stepping ~*~*~tactically~*~*~ (stealth).
   249 | D:1      | 249 ||| Stepping ~*~*~tactically~*~*~ (stealth).
   250 | D:1      | 250 ||| Stepping ~*~*~tactically~*~*~ (stealth).
   253 | D:1      | 253 ||| Stepping ~*~*~tactically~*~*~ (stealth).
   505 | D:1      | Found a faded altar of an unknown god.
   714 | D:1      | 714 ||| Stepping ~*~*~tactically~*~*~ (stealth).
   718 | D:1      | Reached XP level 3. HP: 15/21 MP: 7/7
   726 | D:1      | Reached skill level 4 in Axes
  1082 | D:1      | 1082 ||| UPGRADING to +0 ring mail.
  1092 | D:1      | 1092 ||| DROPPING +0 leather armour.
  1093 | D:1      | 1093 ||| READING scroll labelled HIUGYO WENINU.
  1094 | D:1      | 1094 ||| READING 2 scrolls labelled MYNTIG FILENONUT.
  1095 | D:1      | 1095 ||| READING scroll labelled DEITUY TOTU.
  1096 | D:1      | 1096 ||| READING scroll labelled ECOORI SUAB.
  1097 | D:1      | 1097 ||| DRINKING 2 viscous amethyst potions.
  1098 | D:1      | 1098 ||| DROPPING scroll of blinking.
  1099 | D:1      | 1099 ||| DROPPING potion of flight.
  1100 | D:1      | 1100 ||| Stepping randomly (stuck).
  1101 | D:1      | 1101 ||| Stepping ~*~*~tactically~*~*~ (cloud).
  1103 | D:1      | HP: 3/21 [poisoned by you (poison gas)]
  1104 | D:1      | HP: 1/21 [poisoned by you (poison gas)]
  1105 | D:1      | Succumbed to their own poison gas

Levels and vault maps discovered:
D:1:      dpeg_arrival_lava_temple_mockup, layout_basic,
          shapermc_ecumenical_altar_notcrosses, minmay_tall_x

Skill      XL: |  1  2  3 |
---------------+----------+-----
Axes           | 3 4 |  4.0
Fighting       | |  2.0
Throwing       | |  1.0
Armour         | |  1.1
Dodging        | |  2.1
Spellcasting   | |  2.0
Translocations | |  2.4

Action                   || total
-------------------------++-------
Melee: Hand axe          ||    53
       Kick              ||    13
       Peck              ||     8
       Punch             ||     1
Throw: Boomerang         ||     7
  Use: Scroll            ||     4
       Potion            ||     1
Armor: Leather armour    ||    17
Dodge: Dodged            ||    31

Table legend:
 A = Non-vault XP
 B = Vault XP
 C = Vault XP percentage of total XP
 D = Non-vault monster count
 E = Vault monster count
 F = Vault count percentage of total count
                 A         B        C        D         E       F
            +---------+---------+-------+---------+---------+-------
      Total |      39 |      10 |  20.4 |      21 |       4 |  16.0
            +---------+---------+-------+---------+---------+-------
        D:1 |      39 |      10 |  20.4 |      21 |       4 |  16.0
            +---------+---------+-------+---------+---------+-------
